 Dungeon Crawl Stone Soup version 0.31-a0-1009-g454b1f1e0a (webtiles) character file.

Game seed: 16727190349383988700

239029 Dirtsage the Severer (level 18, -15/159 HPs)
             Began as a Demonspawn Berserker on Nov 14, 2023.
             Was the Champion of Trog.
             Demolished by a vault warden
             ... wielding a +3 battleaxe of venom
              (57 damage)
             ... on level 1 of the Vaults on Nov 15, 2023.
             The game lasted 01:45:34 (33672 turns).

Dirtsage the Severer (Demonspawn Berserker)        Turns: 33672, Time: 01:45:34

Health: -15/159    AC: 24    Str: 24    XL:     18   Next: 58%
Magic:  18/18      EV: 18    Int: 10    God:    Trog [******]
Gold:   2135       SH: 15    Dex: 11    Spells: 17/17 levels left

rFire   + . .        w - +9 broad axe (heavy)
rCold   . . .        y - +3 warlock's mirror {omnireflect}
rNeg    . . .        v - +4 chain mail {rF+}
rPois   +            P - +2 hat {Will+}
rElec   .            E - scarf {repulsion}
rCorr   +            (no gloves)
SInv    .            V - +1 pair of boots of Weightlessness {Fly Regen+ rCorr Dex-2}
Will    +++..        T - amulet of reflection Stlth
                     X - ring "Diboas" {rPois EV+5}
HPRegen 1.26/turn    o - ring of willpower
MPRegen 0.16/turn

%: repel missiles, reflection
@: marked, flying, studying 2 skills
A: rugged brown scales 3, foul stench 2, powered by death 2, demonic touch 1
}: 2/15 runes: serpentine, barnacled
a: Renounce Religion, Berserk, Trog's Hand, Brothers in Arms


You were on level 1 of the Vaults.
You worshipped Trog.
Trog was exalted by your worship.
You visited 8 branches of the dungeon, and saw 33 of its levels.
You also visited: Bailey, Gauntlet and Volcano.

You collected 6594 gold pieces.
You spent 4459 gold pieces at shops.

Inventory:

Hand Weapons
 w - a +9 heavy broad axe (weapon)
 N - a +9 broad axe
 W - the +4 broad axe of Spite {flame, *Corrode rPois Will+ Dex+3}
   (You acquired it on level 3 of the Dungeon)

   Dex+3:     It affects your dexterity (+3).
   rPois:     It protects you from poison Will+: It increases your willpower.
   *Corrode:  It may corrode you when you take damage.
Missiles
 k - 2 throwing nets
 A - 5 curare-tipped darts
Armour
 a - a +0 pair of gloves
 v - a +4 chain mail of fire resistance (worn)
 y - the +3 warlock's mirror (worn) {omnireflect}
   (You acquired it on level 3 of the Dungeon)

   Omnireflect: It can block and reflect piercing ranged attacks and magical
   attacks against the wielder's willpower.
 C - a +2 pair of boots of rampaging
 E - a scarf of repulsion (worn)
 P - a +2 hat of willpower (worn)
 V - the +1 pair of boots of Weightlessness (worn) {Fly Regen+ rCorr Dex-2}
   (You acquired it on level 1 of the Snake Pit)

   Dex-2:     It affects your dexterity (-2).
   Fly:       It grants you flight.
   Regen+:    It increases your rate of health regeneration.
   rCorr:     It protects you from acid and corrosion.
Jewellery
 o - a ring of willpower (right hand)
 I - a ring of protection from cold
 S - a ring of see invisible
 T - an amulet of reflection (around neck)
 X - the ring "Diboas" (left hand) {rPois EV+5}
   (You found it in a Gauntlet)

   [ring of evasion]

   EV+5:      It affects your evasion (+5).
   rPois:     It protects you from poison
Wands
 j - a wand of acid (11)
 F - a wand of flame (61)
 J - a wand of mindburst (55)
 Q - a wand of roots (5)
Scrolls
 c - 2 scrolls of silence
 e - 3 scrolls of enchant armour
 f - a scroll of poison
 g - 4 scrolls of fear
 i - 11 scrolls of identify
 p - 7 scrolls of noise
 s - 8 scrolls of fog
 t - 8 scrolls of teleportation
 B - 7 scrolls of blinking
 D - 5 scrolls of torment
 G - 6 scrolls of revelation
 L - 2 scrolls of vulnerability
 M - a scroll of butterflies
 O - a scroll of enchant weapon
 R - 4 scrolls of immolation
Potions
 b - a potion of invisibility
 d - 3 potions of might
 h - 2 potions of haste
 l - 6 potions of heal wounds
 m - 4 potions of ambrosia
 n - 2 potions of lignification
 q - 13 potions of curing
 r - 4 potions of attraction
 x - 3 potions of mutation
 z - 2 potions of berserk rage
 H - 3 potions of cancellation
 K - 2 potions of magic
Miscellaneous
 u - a tin of tremorstones (2/2)
 U - a phantom mirror
 Y - a sack of spiders
 Z - a phial of floods


   Skills:
 + Level 15.2 Fighting
 - Level 18.1 Axes
 + Level 2.5 Throwing
 + Level 12.3 Armour
 + Level 12.0 Dodging
 + Level 13.1 Shields
 + Level 9.5 Evocations
 + Level 5.5 Shapeshifting


You had 17 spell levels left.
You didn't know any spells.
Your spell library contained the following spells:

 Spells                   Type           Power      Damage    Failure   Level
 Freeze                   Ice            0%         1d3       86%         1
 Ensorcelled Hibernation  Hex/Ice        0%         N/A       94%         2
 Passwall                 Tmut/Erth      0%         N/A       94%         2
 Frozen Ramparts          Ice            0%         1d1       99%         3
 Hailstorm                Conj/Ice       0%         3d3       99%         3
 Inner Flame              Hex/Fire       0%         N/A       99%         3
 Swiftness                Air            0%         N/A       99%         3
 Tukima's Dance           Hex            0%         N/A       99%         3
 Animate Armour           Summ/Erth      0%         N/A       100%        4
 Animate Dead             Necr           0%         N/A       100%        4
 Dimensional Bullseye     Hex/Tloc       0%         N/A       100%        4
 Flame Wave               Conj/Fire      0%         2d4       100%        4
 Iskenderun's Mystic Bla  Conj/Tloc      0%         2d3       100%        4
 Olgreb's Toxic Radiance  Pois           0%         N/A       100%        4
 Passage of Golubria      Tloc           0%         N/A       100%        4
 Sticky Flame             Conj/Fire      0%         2d3       100%        4
 Summon Lightning Spire   Summ/Air       0%         N/A       100%        4
 Borgnjor's Vile Clutch   Necr/Erth      0%         N/A       100%        5
 Lee's Rapid Deconstruct  Erth           0%         3d4*      100%        5
 Silence                  Hex/Air        0%         N/A       100%        5
 Death Channel            Necr           0%         N/A       100%        6
 Discord                  Hex            0%         N/A       100%        8
 Ignition                 Fire           0%         3d3       100%        8
 Lehudib's Crystal Spear  Conj/Erth      0%         10d2      100%        8


Dungeon Overview and Level Annotations

Branches:
Dungeon (15/15)            Temple (1/1) D:5            Lair (5/5) D:9
 Shoals (4/4) Lair:3        Snake (4/4) Lair:2        Slime (0/5) Lair:4
    Orc (2/2) D:12            Elf (1/3) Orc:2        Vaults (1/5) D:14
 Depths (0/4) D:15         Bailey (visited)         Volcano (visited)
Gauntlet (visited)

Altars:
Ashenzari
Cheibriados
Dithmenos
Fedhas
Gozag
Hepliaklqana
Kikubaaqudgha
Makhleb
Nemelex Xobeh
Okawaru
Qazlal
Ru
Sif Muna
Trog
Uskayaw
Vehumet
Wu Jian
Xom
Yredelemnul
Jiyva
Lugonu

Shops:
D:3 ?[   D:5 ?=[   D:6 *(!   D:9 [   Orc:1 =   Orc:2 *[[[   Snake:1 :*[?
Snake:3 *   Snake:4 (=:=

Portals:
Abyss: Lair:5
Trove: D:10 (give horn of Geryon)

Annotations:
D:9 Jeremiah
D:10 horn geryon trove
D:11 2 transporters, Vorhees's ghost, journeyman HuFi
D:15 3 runed translucent doors, exclusion: obsidian statue, Monkfish's ghost, journeyman KoMo
Lair:4 exclusion: oklob plant
Shoals:2 1 runed translucent door, Xig Suan's ghost, adept DECj
Orc:1 1 runed translucent door, Gazaiw's ghost, journeyman MiBe


Innate Abilities, Weirdness & Mutations

You are completely covered in rugged brown scales. (AC +3, +7% HP)
You sometimes emit foul miasma when damaged in melee.
You regenerate health from kills.
Your touch may inflict minor irresistible damage on your foes.


Message History

The vault warden is severely wounded.
You slice the vault sentinel!!
You feel sick.
The vault sentinel casts a spell at you.
Your +3 warlock's mirror {omnireflect} blocks the Sentinel's Mark... and reflects it back!
The vault sentinel is unaffected.
You block the vault warden's attack.
You regained 2 hp, and now have 72/159 hp.
You slash the vault warden!
The vault warden is severely wounded.
You slice the vault sentinel!!
You kill the vault sentinel!
Trog accepts your kill.
Trog appreciates your killing of a magic user.
You feel sick. You block the vault warden's attack.
You regained 2 hp, and now have 74/159 hp.
You slash the vault warden!
The vault warden is almost dead.
You slash the ironbound convoker!
You feel sick.
The ironbound convoker casts a spell at the vault warden.
The vault warden seems to grow stronger.
The vault warden hits you with a +3 battleaxe of venom!!!
* * * LOW HITPOINT WARNING * * *
You are more poisoned.
You block the ironbound convoker's attack.
The vault warden completely misses you.
A necromancer comes into view. It is wielding a +0 dagger.
You take 44 damage, and have 30/159 hp.
MASSIVE DAMAGE!!
You feel better.
The ironbound convoker barely misses you.
The necromancer mumbles some strange words.
The necromancer binds the souls of nearby monsters.
A storm dragon skeleton comes into view.
You block the vault warden's attack.
You regained 11 hp, and now have 41/159 hp.
You hit the vault warden.
The vault warden is almost dead.
You hit the ironbound convoker.
A stone giant skeleton comes into view.
You block the ironbound convoker's attack.
The vault warden hits you with a +3 battleaxe of venom!!!
You die...

#.# #.#
#.# #.#
#.# #.#
#.#
#.########
#.@p......
#.pp....p.
#.........
#........Z
#.......Z.
#.........
#.........
#.........


You could see a vault warden (soul bound, strong), a vault guard (soul bound),
an ironbound convoker (soul bound), a necromancer, a storm dragon skeleton and a
stone giant skeleton.

Vanquished Creatures
  Gastronok (Lair:2)
  Aizul (Snake:1)
  12 nagarajas
  Ilsuiw (Shoals:2)
  Louise (D:14)
  A frost giant (Shoals:4)
  Nessos (Lair:5)
  A minotaur (Gauntlet)
  16 merfolk impalers
  8 merfolk javelineers
  2 quicksilver dragon zombies (D:15)
  A vault guard (Vaults:1)
  Erolcha (D:9)
  8 hydras
  4 catoblepae
  5 merfolk avatars
  2 death knights
  8 anacondas
  7 two-headed ogres
  6 boulder beetles
  5 centaur warriors
  A satyr (Shoals:4)
  6 merfolk aquamancers
  2 tengu warriors (D:13)
  10 naga sharpshooters
  8 naga warriors
  A vampire mage (D:15)
  Urug (D:12)
  A dancing weapon (Elf:1)
  A death yak (Lair:5)
  8 shock serpents
  4 thrashing horrors (Lair:5)
  A deep elf knight (Elf:1)
  A skyshark (Shoals:1)
  3 salamander mystics
  A storm dragon skeleton (D:15)
  2 skeletal warriors (D:15)
  17 sea snakes
  2 deep trolls (Vaults:1)
  An orange crystal statue (Gauntlet)
  7 harpies
  2 deep elf archers
  2 ironbound convokers (Vaults:1)
  Pikel (D:9)
  3 orc knights
  An arcanist (D:14)
  3 phantasmal warriors (D:13)
  9 deep elf pyromancers
  A kraken simulacrum (Shoals:4)
  4 naga ritualists
  6 mana vipers
  An orc sorcerer (Orc:2)
  A necromancer (D:15)
  A wolf spider (shapeshifter) (Lair:5)
  21 ugly things
  6 cyclopes
  2 fauns (Shoals:1)
  18 manticores
  12 salamanders
  8 merfolk sirens
  A moth of wrath (Gauntlet)
  13 elephants
  A guardian serpent (shapeshifter) (Lair:5)
  18 naga magi
  5 water nymphs
  2 guardian serpents (Snake:4)
  25 black mambas
  A torpor snail (Lair:5)
  2 smoke demons (Lair:5)
  2 vault sentinels (Vaults:1)
  2 gargoyles
  2 unseen horrors
  10 cane toads
  8 rime drakes
  A freezing wraith (D:13)
  13 komodo dragons
  A rime drake (shapeshifter) (D:14)
  A komodo dragon (shapeshifter) (D:13)
  3 efreet
  5 trolls
  A polar bear (shapeshifter) (D:14)
  3 meliai (D:14)
  5 wind drakes
  A hornet (D:10)
  4 polar bears
  25 blink frogs
  27 merfolk
  A raiju (Lair:5)
  Prince Ribbit (Lair:1)
  8 snapping turtles
  11 slime creatures
  A shadow (D:7)
  Sigmund (D:3)
  2 centaur simulacra
  A vampire (D:13)
  A spriggan (Lair:5)
  53 yaks
  A wraith (D:14)
  2 ynoxinuls (Lair:5)
  2 fire elementals (Volcano)
  8 wyverns
  3 basilisks
  9 water elementals
  2 chaos spawn (Lair:5)
  3 redbacks (Gauntlet)
  3 steam dragons
  38 nagas
  4 vampire mosquitoes (D:11)
  A warg (Orc:2)
  A large abomination (Lair:5)
  5 hell hounds (Volcano)
  2 acid dragons
  15 water moccasins
  Pargi (D:3)
  2 sky beasts
  2 black bears
  2 ice beasts (D:13)
  11 small abominations (Lair:5)
  7 ogres
  34 orc warriors
  20 wolves
  10 centaurs
  4 lemures
  A phantom (D:4)
  2 kobold brigands
  2 gnoll sergeants
  4 scorpions
  11 bullfrogs
  A wight (D:6)
  10 killer bees
  6 electric eels
  2 howler monkeys
  8 jellies
  9 orc priests
  Crazy Yiuf (D:2)
  3 iguanas
  Ijyb (D:3)
  Terence (D:3)
  2 sleepcaps
  Natasha (twice) (D:2)
  19 orc wizards
  7 hell rats (Lair:1)
  13 gnolls
  11 adders
  A shadow imp (D:5)
  4 white imps
  3 ufetubi
  A worm (D:2)
  2 dart slugs
  79 orcs
  18 endoplasms
  9 giant cockroaches
  9 goblins
  2 hobgoblins
  6 jackals
  2 quokkas
  2 ball pythons (D:4)
  3 bats
  6 frilled lizards
  24 kobolds
  A rat (D:1)
1014 creatures vanquished.

Vanquished Creatures (collateral kills)
  A merfolk impaler (Shoals:2)
  A faun (Shoals:3)
  2 merfolk sirens (Shoals:2)
  A merfolk (Shoals:3)
5 creatures vanquished.

Vanquished Creatures (others)
  A merfolk impaler (Shoals:4)
  A sea snake (Snake:4)
  A warg (D:12)
  An orc warrior (Orc:2)
  4 orcs
  A goblin (D:10)
  A kobold (D:10)
  4 tentacles (Shoals:4)
14 creatures vanquished.

Grand Total: 1033 creatures vanquished

Notes
Turn   | Place    | Note
-------+----------+-------------------------------------------
     0 | D:1      | Dirtsage the Demonspawn Berserker began the quest for the
                  | Orb.
     0 | D:1      | Reached XP level 1. HP: 18/18 MP: 1/1
    86 | D:1      | Reached skill level 3 in Axes
   279 | D:1      | Gained mutation: You are partially covered in rugged brown
                  | scales. (AC +1, +3% HP) [demonic ancestry]
   279 | D:1      | Reached XP level 2. HP: 14/24 MP: 2/2
   692 | D:1      | Found a hide-covered altar of Uskayaw.
   713 | D:2      | Gained mutation: You regenerate a little health from kills.
                  | [demonic ancestry]
   713 | D:2      | Reached XP level 3. HP: 25/29 MP: 3/3
   986 | D:2      | Reached skill level 4 in Axes
  1242 | D:2      | Reached XP level 4. HP: 34/36 MP: 4/4
  1390 | D:2      | Reached ** piety under Trog
  1534 | D:2      | Noticed Natasha
  1551 | D:2      | Killed Natasha
  1746 | D:2      | Noticed Natasha
  1760 | D:2      | Killed Natasha
  1761 | D:2      | Reached skill level 5 in Axes
  1842 | D:2      | Found a runed translucent door.
  1843 | D:2      | Noticed Crazy Yiuf
  1851 | D:2      | Killed Crazy Yiuf
  1852 | D:2      | Reached XP level 5. HP: 42/42 MP: 5/5
  2114 | D:3      | Found Unix's Armour Shop.
  2183 | D:3      | Noticed Sigmund
  2261 | D:3      | Found a broken altar of Ashenzari.
  2261 | D:3      | Found a stormy altar of Qazlal.
  2301 | D:3      | Killed Sigmund
  2302 | D:3      | Reached skill level 6 in Axes
  2302 | D:3      | Reached XP level 6. HP: 27/48 MP: 6/6
  2490 | D:3      | Noticed Pargi
  2498 | D:3      | Killed Pargi
  2499 | D:3      | Reached skill level 7 in Axes
  2571 | D:3      | Noticed Terence
  2588 | D:3      | Killed Terence
  2685 | D:3      | You fall into a shaft and drop 3 floors!
  2752 | D:6      | Noticed a steam dragon
  2752 | D:6      | Noticed a water moccasin
  2772 | D:6      | Killed a steam dragon
  2773 | D:6      | Gained mutation: You are mostly covered in rugged brown
                  | scales. (AC +2, +5% HP) [demonic ancestry]
  2773 | D:6      | Reached XP level 7. HP: 54/54 MP: 7/7
  2781 | D:6      | Reached skill level 8 in Axes
  2842 | D:5      | Entered Level 5 of the Dungeon
  2938 | D:5      | Found Xoon Afe's Magic Scroll Shop.
  2943 | D:5      | Bought 2 scrolls of fear for 120 gold pieces
  3306 | D:3      | Noticed Ijyb
  3334 | D:3      | Killed Ijyb
  3561 | D:3      | Found Ytuol's Magic Scroll Boutique.
  3587 | D:3      | Bought a scroll of identify for 24 gold pieces
  3587 | D:3      | Bought a scroll of identify for 24 gold pieces
  3590 | D:3      | Identified a scroll of acquirement
  3591 | D:3      | Acquired the +4 broad axe of Spite {flame, *Corrode rPois
                  | Will+ Dex+3}
  3880 | D:4      | Found a stormy altar of Qazlal.
  3880 | D:4      | Found a shadowy altar of Dithmenos.
  3880 | D:4      | Found a sacrificial altar of Ru.
  3880 | D:4      | Found an ancient bone altar of Kikubaaqudgha.
  3880 | D:4      | Found a bloodstained altar of Trog.
  3880 | D:4      | Found a hide-covered altar of Uskayaw.
  3887 | D:4      | Reached *** piety under Trog
  3894 | D:4      | Reached skill level 9 in Axes
  3894 | D:4      | Gained mutation: You are completely covered in rugged brown
                  | scales. (AC +3, +7% HP) [demonic ancestry]
  3894 | D:4      | Reached XP level 8. HP: 41/62 MP: 8/8
  4371 | D:5      | Found a staircase to the Ecumenical Temple.
  4381 | Temple   | Entered the Ecumenical Temple
  4424 | D:5      | Found Lijapny's Jewellery Emporium.
  4449 | D:5      | Found Epowafack's Armour Emporium.
  4497 | D:5      | Reached skill level 10 in Axes
  5050 | D:6      | Reached skill level 11 in Axes
  5054 | D:6      | Reached XP level 9. HP: 53/67 MP: 9/9
  5112 | D:6      | Found Osisiyhu's Distillery.
  5117 | D:6      | Bought a potion of attraction for 39 gold pieces
  5197 | D:6      | Found Syot's Weapon Emporium.
  5313 | D:6      | Reached **** piety under Trog
  5514 | D:6      | Found Aseffeor's General Store.
  5523 | D:6      | Bought a scroll of identify for 28 gold pieces
  5523 | D:6      | Bought a scroll of identify for 28 gold pieces
  5523 | D:6      | Bought 3 scrolls of identify for 84 gold pieces
  5523 | D:6      | Bought a scroll of identify for 28 gold pieces
  5626 | D:7      | Acquired 1043 gold pieces
  5730 | D:3      | Bought a scroll of acquirement for 624 gold pieces
  5730 | D:3      | Acquired the +3 warlock's mirror {omnireflect}
  5730 | D:3      | Found the +3 warlock's mirror {omnireflect}
  5925 | D:7      | Reached skill level 1 in Shields
  6153 | D:7      | Reached skill level 12 in Axes
  7157 | D:9      | Identified the of Biddoled
  7157 | D:9      | Identified the "Sumur"
  7157 | D:9      | Identified the "Udghavi"
  7186 | D:9      | Noticed Erolcha
  7196 | D:9      | Killed Erolcha
  7197 | D:9      | Gained mutation: You may rarely emit foul miasma when
                  | damaged in melee. [demonic ancestry]
  7197 | D:9      | Reached XP level 10. HP: 75/75 MP: 10/10
  7237 | D:9      | Found a radiant altar of Vehumet.
  7255 | D:9      | Noticed Pikel
  7304 | D:9      | Noticed a two-headed ogre
  7314 | D:9      | Killed a two-headed ogre
  7383 | D:9      | Found a staircase to the Lair.
  7439 | D:9      | Found Cellom's Antique Armour Shop.
  7491 | D:9      | Killed Pikel
  7574 | D:9      | Found a shimmering blue altar of Sif Muna.
  7814 | D:9      | Noticed Jeremiah
  8072 | D:10     | Entered Level 10 of the Dungeon
  8230 | D:10     | Noticed a two-headed ogre
  8236 | D:10     | Killed a two-headed ogre
  8237 | D:10     | Reached skill level 5 in Fighting
  8262 | D:10     | Reached skill level 5 in Shields
  8278 | D:10     | Found a flagged portal.
  8293 | D:10     | Reached ***** piety under Trog
  8299 | Bailey   | Entered a bailey
  8588 | Bailey   | Noticed an orc knight
  8602 | Bailey   | Killed an orc knight
  8603 | Bailey   | Reached skill level 13 in Axes
  8603 | Bailey   | Reached XP level 11. HP: 85/85 MP: 11/11
  8774 | D:10     | Noticed a two-headed ogre
  8783 | D:10     | Killed a two-headed ogre
  8784 | D:10     | Reached XP level 12. HP: 92/92 MP: 12/12
  8840 | D:10     | Found a portal to a secret trove of treasure.
  9256 | D:11     | Noticed a two-headed ogre
  9260 | D:11     | Killed a two-headed ogre
  9323 | D:11     | Noticed a boulder beetle
  9341 | D:11     | Killed a boulder beetle
  9385 | D:11     | Noticed a two-headed ogre
  9386 | D:11     | Found a transporter.
  9401 | D:11     | Noticed Vorhees's ghost (journeyman HuFi)
  9402 | D:11     | Noticed a two-headed ogre
  9402 | D:11     | Identified the +5 great mace "Foujoja" {flame, *Slow rC++
                  | Str+3}
  9402 | D:11     | Noticed a two-headed ogre
  9403 | D:11     | Noticed a two-headed ogre
  9404 | D:11     | Found a transporter.
  9507 | D:11     | Reached skill level 5 in Armour
  9638 | D:11     | Received a gift from Trog
  9734 | D:11     | Noticed a two-headed ogre
  9740 | D:11     | Killed a two-headed ogre
  9949 | Lair:1   | Entered Level 1 of the Lair of Beasts
  9957 | Lair:1   | Reached skill level 5 in Dodging
 10617 | Lair:1   | Identified the +2 spear "Xoikiur" {freeze, *Corrode rElec
                  | rC+}
 10620 | Lair:1   | Noticed Prince Ribbit
 10629 | Lair:1   | Killed Prince Ribbit
 10886 | Lair:2   | Gained mutation: Your touch may inflict minor irresistible
                  | damage on your foes. [demonic ancestry]
 10886 | Lair:2   | Reached XP level 13. HP: 101/101 MP: 13/13
 11093 | Lair:2   | Reached skill level 14 in Axes
 11198 | Lair:2   | Noticed Gastronok
 11214 | Lair:2   | Killed Gastronok
 11316 | Lair:2   | Found a staircase to the Snake Pit.
 12448 | Lair:3   | Received a gift from Trog
 12752 | Lair:3   | Found a staircase to the Shoals.
 13500 | Lair:4   | Reached skill level 15 in Axes
 13512 | Lair:4   | Gained mutation: You regenerate health from kills. [demonic
                  | ancestry]
 13512 | Lair:4   | Reached XP level 14. HP: 105/112 MP: 14/14
 14012 | Lair:4   | Found a viscous altar of Jiyva.
 14015 | Lair:4   | Found a staircase to the Slime Pits.
 14415 | Lair:5   | Entered Level 5 of the Lair of Beasts
 14440 | Lair:5   | Found a dark tunnel.
 14452 | Volcano  | Entered a volcano
 15572 | Lair:5   | Reached ****** piety under Trog
 15643 | Lair:5   | Received a gift from Trog
 16000 | Lair:5   | Noticed Nessos
 16013 | Lair:5   | Killed Nessos
 16253 | Lair:5   | Found a corrupted altar of Lugonu.
 16253 | Lair:5   | Found a one-way gate to the infinite horrors of the Abyss.
 16589 | Snake:1  | Entered Level 1 of the Snake Pit
 16594 | Snake:1  | Reached skill level 16 in Axes
 17565 | Snake:1  | Reached XP level 15. HP: 95/121 MP: 15/15
 17644 | Snake:1  | Reached skill level 10 in Shields
 17668 | Snake:1  | Identified the serpent talisman "Liugamn" {Str-5 Int+4
                  | Dex+4}
 17668 | Snake:1  | Noticed Aizul
 17695 | Snake:1  | Killed Aizul
 18112 | Snake:1  | Found Rerizuq's Book Boutique.
 18113 | Snake:1  | Found Zupiq's Armour Shop.
 18113 | Snake:1  | Found Udwoimutt's Assorted Antiques.
 18121 | Snake:1  | Found Diyloru's Magic Scroll Shop.
 18124 | Snake:1  | Bought a potion of curing for 93 gold pieces
 18124 | Snake:1  | Bought a scroll of identify for 62 gold pieces
 18128 | Snake:1  | Bought a scroll of teleportation for 42 gold pieces
 18442 | Snake:2  | Saving game... please wait.
 18546 | Snake:2  | Noticed a nagaraja
 18553 | Snake:2  | Received a gift from Trog
 18556 | Snake:2  | Killed a nagaraja
 18623 | Snake:2  | Noticed a nagaraja
 18636 | Snake:2  | Killed a nagaraja
 18920 | D:12     | Found a gate leading to a gauntlet.
 18921 | D:12     | Noticed Urug
 18932 | D:12     | Found a staircase to the Orcish Mines.
 18944 | D:12     | Reached skill level 10 in Fighting
 18948 | D:12     | Killed Urug
 18994 | Gauntlet | Entered a Gauntlet
 18994 | Gauntlet | Found a transporter.
 18997 | Gauntlet | Found a transporter.
 19012 | Gauntlet | Found a transporter.
 19015 | Gauntlet | Found a transporter.
 19027 | Gauntlet | Found a transporter.
 19042 | Gauntlet | Found a transporter.
 19058 | Gauntlet | Found a transporter.
 19078 | Gauntlet | Found a transporter.
 19082 | Gauntlet | Found a transporter.
 19091 | Gauntlet | Found a transporter.
 19117 | Gauntlet | Found a transporter.
 19149 | Gauntlet | Found a transporter.
 19345 | Gauntlet | Identified the ring "Diboas" {rPois EV+5}
 20163 | Orc:1    | Entered Level 1 of the Orcish Mines
 20300 | Orc:1    | Found a runed translucent door.
 20462 | Orc:1    | Found a shimmering altar of Xom.
 20462 | Orc:1    | Noticed Gazaiw's ghost (journeyman MiBe)
 20649 | Orc:2    | Entered Level 2 of the Orcish Mines
 20785 | Orc:2    | Found a staircase to the Elven Halls.
 20976 | Orc:2    | Found Poapner's Antique Armour Shoppe.
 20976 | Orc:2    | Found Amesof's Antique Armour Shop.
 20978 | Orc:2    | Found Hikaruc's General Store.
 20980 | Orc:2    | Found Boatuupn's Antique Armour Emporium.
 20987 | Orc:2    | Bought a scroll of teleportation for 42 gold pieces
 21142 | Vaults:5 | Identified the "Fegiepn"
 21142 | Crypt:1  | Identified the of Ojo Lukidgh
 21142 | Elf:1    | Entered Level 1 of the Elven Halls
 21142 | Elf:1    | Found an ancient bone altar of Kikubaaqudgha.
 21559 | Orc:1    | Found Bivvexed's Jewellery Boutique.
 21568 | Orc:1    | Bought an amulet of reflection for 360 gold pieces
 21802 | Shoals:1 | Entered Level 1 of the Shoals
 22007 | Shoals:1 | Reached skill level 17 in Axes
 22926 | Shoals:1 | Reached XP level 16. HP: 132/132 MP: 16/16
 22933 | Shoals:1 | Found the +7 hand cannon "Mule" {flame, backblast, rF+}
 23231 | Shoals:2 | Identified the +9 war axe of Cifeel {flame, rN++ Will-
                  | Str+6} (Trog gifted it to you on level 2 of the Shoals)
 23231 | Shoals:2 | Received a gift from Trog
 23468 | Shoals:2 | Noticed Ilsuiw
 23497 | Shoals:2 | Killed Ilsuiw
 23585 | Shoals:2 | Found a runed translucent door.
 23937 | Shoals:2 | Found a runed translucent door.
 23975 | Shoals:2 | Identified the +1 chain mail of Vaphego {Slay+2 Stlth+}
 23992 | Shoals:2 | Acquired 1143 gold pieces
 24186 | Shoals:2 | Found a shimmering altar of Xom.
 24186 | Shoals:2 | Noticed Xig Suan's ghost (adept DECj)
 24208 | Shoals:3 | Reached skill level 10 in Armour
 24536 | Shoals:3 | Received a gift from Trog
 25253 | Shoals:4 | Entered Level 4 of the Shoals
 25548 | Shoals:4 | Reached skill level 10 in Dodging
 26075 | Snake:1  | Bought 3 scrolls of acquirement for 2184 gold pieces
 26075 | Snake:1  | Acquired 979 gold pieces
 26076 | Snake:1  | Acquired a manual of Fighting
 26077 | Snake:1  | Acquired the +1 pair of boots of Weightlessness {Fly Regen+
                  | rCorr Dex-2}
 26281 | D:5      | Bought a scarf of repulsion for 144 gold pieces
 26529 | Orc:2    | Bought a spiked cloak for 285 gold pieces
 26529 | Orc:2    | Identified the +2 cloak of Obled {Str+4 Stlth+} (You bought
                  | it in a shop on level 2 of the Orcish Mines)
 26810 | Shoals:4 | Reached skill level 18 in Axes
 27410 | Shoals:4 | Got a barnacled rune of Zot
 27520 | Shoals:4 | Reached skill level 1 in Shapeshifting
 27520 | Shoals:4 | Reached XP level 17. HP: 142/142 MP: 17/17
 27941 | D:13     | Received a gift from Trog
 28700 | D:14     | Found a gate to the Vaults.
 28764 | D:14     | Noticed Louise
 28795 | D:14     | Killed Louise
 29472 | D:15     | Entered Level 15 of the Dungeon
 29505 | D:15     | Received a gift from Trog
 29845 | D:15     | Found a staircase to the Depths.
 29976 | D:15     | Found a runed translucent gate.
 29976 | D:15     | Found a runed translucent gate.
 29976 | D:15     | Found a runed translucent gate.
 30126 | D:15     | Found an opulent altar of Gozag.
 30127 | D:15     | Noticed Monkfish's ghost (journeyman KoMo)
 30463 | Snake:1  | Bought a potion of cancellation for 248 gold pieces
 30775 | Snake:3  | Found Zuitelay's Gadget Gallery.
 31237 | Snake:3  | Identified the +8 battleaxe of Fragile Peace {flame, Str+4
                  | Int-5} (Trog gifted it to you on level 3 of the Snake Pit)
 31237 | Snake:3  | Received a gift from Trog
 31741 | Snake:4  | Entered Level 4 of the Snake Pit
 31752 | Snake:4  | Gained mutation: You sometimes emit foul miasma when
                  | damaged in melee. [demonic ancestry]
 31752 | Snake:4  | Reached XP level 18. HP: 156/156 MP: 18/18
 31806 | Snake:4  | Found Uxaliesy's Jewellery Boutique.
 31807 | Snake:4  | Found Ocol's Book Emporium.
 31818 | Snake:4  | Found Rengac's Jewellery Boutique.
 32287 | Snake:4  | Found Zotasm's Firing Range.
 32402 | Snake:4  | Identified the +1 battleaxe of Corporal Punishment {flame,
                  | rF+ Str+4} (Trog gifted it to you on level 4 of the Snake
                  | Pit)
 32402 | Snake:4  | Received a gift from Trog
 32443 | Snake:4  | Reached skill level 5 in Shapeshifting
 32509 | Snake:4  | Reached skill level 1 in Throwing
 32814 | Snake:4  | Reached skill level 15 in Fighting
 33035 | Snake:4  | Got a serpentine rune of Zot
 33561 | Vaults:1 | Entered Level 1 of the Vaults
 33672 | Vaults:1 | Demolished by a vault warden

Illustrated notes

Levels and vault maps discovered:
D:1:      dpeg_arrival_water_altar, layout_basic
D:2:      layout_basic, uniq_crazy_yiuf_cottage, uniq_natasha
D:3:      layout_loops_corners, mainiacjoe_overflow_six_doors_small,
          jmf_multi_god_temple, serial_shops,
          nicolae_shop_pleasant_corner_grove, shop,
          minmay_misc_feat_four_crosses, st_stairs_14, uniq_terence, uniq_pargi,
          uniq_ijyb, uniq_sigmund
D:4:      cheibrodos_fertilizer, layout_cave_pools, serial_glass,
          glass_columns_b, glass_columns_b
D:5:      layout_gridville, minmay_temple_entry_nine_rooms, serial_shops,
          nicolae_shop_tiny_glass, shop, shop, st_stairs_13
D:6:      minmay_bubble_buster, layout_loops_ring, serial_shops,
          nicolae_lakefront_shop, shop, shop_coins
D:7:      layout_basic
D:8:      layout_basic, mrwooster_statue_mirror
D:9:      layout_basic, nicolae_sif_muna_little_library,
          nicolae_vehumet_altar_sigil, lair_entry_dummy, serial_shops, shop,
          uniq_jeremiah, uniq_erolcha, uniq_pikel
D:10:     layout_basic, enter_bailey_3, nicolae_trove_entry_isolated
D:11:     layout_loops_ring, gammafunk_ghost_smash, hangedman_decor_opposing
D:12:     layout_cave_pools, david_orc_3, gauntlet_entry_generic, uniq_urug
D:13:     layout_loops_ring, serial_ice, serial_ice_n, serial_ice_d,
          serial_ice_f, serial_ice_j, fungi_pond_lemuel
D:14:     minmay_inner_zag, layout_gridville,
          hellmonk_vaults_attempted_burglary, minmay_mirror_moons_of_madness,
          uniq_louise
D:15:     gammafunk_depths_entry_grave, layout_basic, nicolae_hexahallways,
          ebering_ghost_gozag
Temple:   minmay_temple_bridge_d
Lair:1:   layout_chaotic_city, st_stairs_3, grunt_megastairs_5,
          uniq_prince_ribbit2
Lair:2:   layout_hall_layers, minmay_snake_entry_guardpost_small, serial_forest,
          infiniplex_forest_end_double, infiniplex_forest_clump_double,
          infiniplex_forest_end_1, infiniplex_forest_clump_diagonal,
          infiniplex_forest_lined_corner, infiniplex_forest_lined_room_2,
          infiniplex_forest_clump_small, uniq_gastronok
Lair:3:   layout_cave_pods, elwin_shoals_entry_stream, grunt_megastairs_1,
          infiniplex_staircase_pool_2
Lair:4:   layout_regular_city, nicolae_slime_entry_slimehenge, disabler_island,
          serial_bayou_shore_b
Lair:5:   hellmonk_lair_end_abyssal_woods, layout_cellular_growth,
          nicolae_volcano_entry_lava_flow, lemuel_fruit_tree, uniq_nessos
Shoals:1: layout_shoals, nicolae_shoals_lost_giant_temple
Shoals:2: nicolae_shoals_offshore_bank_account, layout_shoals,
          ebering_ghost_xom, uniq_ilsuiw
Shoals:3: layout_shoals
Shoals:4: shoals_end_grunt_ice, layout_shoals, shoals_ilsuiw_alternative
Snake:1:  layout_chambers, minmay_shoptagon, serial_bayou_shore_a, uniq_aizul
Snake:2:  layout_basic
Snake:3:  layout_grid_maze, nicolae_shop_gadgets
Snake:4:  grunt_snake_rune_pools, layout_gridlike, nicolae_shop_firing_range,
          minmay_shop_grove
Orc:1:    layout_diamond_mine, ebering_ghost_xom, serial_shops,
          nicolae_lakefront_shop
Orc:2:    st_orc_rangers, layout_caves, basic_altar
Elf:1:    layout_geoelf_diagonals, basic_altar, minmay_elf_crystal_heptagon
Vaults:1: nicolae_vaults_tangram_1, nicolae_vaults_double_plus_2,
          hangedman_vaults_trim, nicolae_vaults_trapezoid_1,
          nicolae_vaults_variable_pillar_hall, layout_vaults_quadrants

Skill      XL: |  1  2  3  4  5  6  7  8  9 10 11 12 13 14 15 16 17 18 |
---------------+-------------------------------------------------------+-----
Axes           | 3 4 5 6 7 9 11 12 13 15 16 17 18 | 18.1
Armour         | 3 4 5 7 8 9 10 11 12 | 12.3
Dodging        | 3 4 5 7 8 9 10 11 12 | 12.0
Shields        | 3 5 7 9 10 11 12 13 | 13.1
Fighting       | 4 5 6 8 9 10 12 14 15 | 15.2
Evocations     | 8 9 |  9.5
Shapeshifting  | 1 4 5 |  5.5
Throwing       | 2 |  2.5

Action                     |  1- 3 |  4- 6 |  7- 9 | 10-12 | 13-15 | 16-18 || total
---------------------------+-------+-------+-------+-------+-------+-------++-------
  Melee: Hand axe          |    78 |   152 |   100 |       |       |       ||   330
         Punch             |     1 |     2 |     1 |       |       |       ||     4
         Broad axe         |       |       |   233 |   433 |  1247 |  1061 ||  2974
  Throw: Dart              |       |       |       |       |     1 |     1 ||     2
 Invoke: Berserk           |     2 |     7 |     2 |     1 |     5 |     3 ||    20
         Trog's Hand       |       |       |     1 |       |       |     4 ||     5
         Brothers in Arms  |       |       |       |       |     1 |     2 ||     3
  Evoke: Wand              |       |       |       |     3 |     3 |       ||     6
         Tin of tremorston |       |       |       |       |       |     2 ||     2
    Use: Potion            |       |     2 |       |     2 |     2 |     5 ||    11
         Scroll            |       |     2 |    17 |     7 |     5 |    19 ||    50
   Stab: Invisible         |       |     2 |       |       |       |       ||     2
         Petrified         |       |       |       |     3 |    13 |    11 ||    27
         Petrifying        |       |       |       |     1 |     5 |     1 ||     7
         Distracted        |       |       |       |       |       |     1 ||     1
 Armour: Animal skin       |    36 |       |       |       |       |       ||    36
         Leather armour    |     8 |       |       |       |       |       ||     8
         Ring mail         |     6 |    69 |       |       |       |       ||    75
         Chain mail        |       |    19 |   236 |   260 |   777 |   447 ||  1739
         Ice dragon scales |       |       |       |       |    80 |   244 ||   324
  Dodge: Dodged            |    59 |    73 |   157 |   282 |   805 |   612 ||  1988
         Repelled          |       |       |       |       |       |    44 ||    44
  Block: Buckler           |       |       |    24 |   221 |   656 |   837 ||  1738
         Reflection        |       |       |       |    11 |    56 |   123 ||   190

Table legend: (Time is in decaauts)
 A = Elapsed time spent in this place.
 B = Non-inter-level travel time spent in this place.
 C = Inter-level travel time spent in this place.
 D = Time resting spent in this place.
 E = Time spent auto-exploring this place.
 F = Levels seen in this place.
 G = Mean time per level.
                   A        B        C        D        E       F      G
               +--------+--------+--------+--------+--------+-----+--------+
         Total |  33661 |  30336 |   3325 |   1878 |  22373 |  36 |  935.0 |
       Dungeon |  13827 |  11959 |   1868 |    718 |   8877 |  15 |  921.8 |
        Temple |      1 |      1 |      0 |      0 |      0 |   1 |    1.0 |
          Lair |   6814 |   6128 |    686 |    341 |   4660 |   5 | 1362.8 |
        Shoals |   5007 |   4752 |    255 |    455 |   3349 |   4 | 1251.8 |
     Snake Pit |   5201 |   4901 |    300 |    300 |   3715 |   4 | 1300.2 |
  Orcish Mines |   1322 |   1133 |    189 |      0 |    973 |   2 |  661.0 |
   Elven Halls |    199 |    174 |     25 |      0 |    122 |   1 |  199.0 |
        Vaults |    112 |    112 |      0 |      0 |     76 |   1 |  112.0 |
        Bailey |    428 |    428 |      0 |     36 |    227 |   1 |  428.0 |
       Volcano |    239 |    239 |      0 |      0 |    141 |   1 |  239.0 |
      Gauntlet |    505 |    505 |      0 |     27 |    233 |   1 |  505.0 |
               +--------+--------+--------+--------+--------+-----+--------+

Top non-repeatable levels by time:
 Snake:1: 2023 daAuts
  Lair:5: 1835 daAuts
 Snake:4: 1578 daAuts
Shoals:4: 1507 daAuts
     D:3: 1423 daAuts
  Lair:2: 1418 daAuts
Shoals:1: 1371 daAuts
  Lair:3: 1316 daAuts
  Lair:4: 1215 daAuts
     D:2: 1200 daAuts
     D:9: 1109 daAuts
     D:6: 1098 daAuts
Shoals:3: 1075 daAuts
Shoals:2: 1053 daAuts
  Lair:1: 1028 daAuts
